 Dungeon Crawl Stone Soup version 0.20.1-1-g8b1a95d (webtiles) character file.

79 juspike the Caller (level 4, -16/30 HPs)
             Began as a Merfolk Summoner on Oct 8, 2017.
             Was an Initiate of Vehumet.
             Engulfed by a cloud of flame (24 damage)
             ... on level 3 of the Dungeon.
             The game lasted 00:32:24 (3728 turns).

juspike the Caller (Merfolk Summoner)               Turns: 3728, Time: 00:32:24

Health: -16/30     AC:  5    Str:  9    XL:     4   Next: 37%
Magic:  1/8        EV: 15    Int: 14    God:    Vehumet [......]
Gold:   105        SH:  0    Dex: 14    Spells: 0/9 levels left

rFire    . . .     SeeInvis .   l - +0 dagger (freeze)
rCold    . . .     Gourm    .   (no shield)
rNeg     . . .     Faith    .   a - +0 robe
rPois    .         Spirit   .   (no helmet)
rElec    .         Reflect  .   i - +0 cloak
rCorr    .         Harm     .   (no gloves)
MR       .....                  (no boots)
Stlth    ++........             (no amulet)
Regen    0.1/turn               (no ring)
MPRegen  0.2/turn               (no ring)

@: no status effects
A: change form in water, swift swim, stealthy swim, repulsion field 1, icy blue
scales 1
a: Renounce Religion


You were on level 3 of the Dungeon.
You worshipped Vehumet.
Vehumet was noncommittal.
You were not hungry.

You visited 1 branch of the dungeon, and saw 3 of its levels.

You collected 105 gold pieces.

Inventory:

Hand Weapons
 e - a +0 dagger
 j - a +0 dagger
 k - a +0 spear
 l - a +0 dagger of freezing (weapon)
Missiles
 d - 94 arrows
 f - 3 tomahawks (quivered)
 r - 5 poisoned tomahawks
Armour
 a - a +0 robe (worn)
 i - a +0 cloak (worn)
Scrolls
 c - 2 scrolls of remove curse
 g - a scroll of recharging {unknown}
 m - 2 scrolls of identify {unknown}
 o - a scroll of enchant armour {unknown}
 p - a scroll of magic mapping {unknown}
 q - a scroll of amnesia {unknown}
Potions
 h - 2 potions of mutation
Books
 b - a book of Callings

   Spells                             Type                      Level
   a - Summon Small Mammal            Summoning                    1
   b - Call Imp                       Summoning                    2
   c - Call Canine Familiar           Summoning                    3
   d - Summon Guardian Golem          Hexes/Summoning              3
   e - Summon Lightning Spire         Summoning/Air                4
   f - Summon Ice Beast               Ice/Summoning                4
Comestibles
 s - a chunk of flesh


   Skills:
 + Level 0.5 Short Blades
 + Level 3.1 Dodging
 + Level 2.3 Stealth
 + Level 3.0 Spellcasting
 + Level 4.7 Summonings


You couldn't memorise any spells.
You knew the following spells:

 Your Spells              Type           Power        Failure   Level  Hunger
a - Summon Small Mammal   Summ           ###.         3%          1    #......
b - Call Imp              Summ           ###.....     4%          2    ##.....
c - Call Canine Familiar  Summ           ###.....     9%          3    ###....
d - Summon Guardian Gole  Hex/Summ       #.......     24%         3    ###....


Dungeon Overview and Level Annotations

Branches:
Dungeon (3/15)

Altars:
Elyvilon
Vehumet
Zin


Innate Abilities, Weirdness & Mutations

You revert to your normal form in water.
You are very nimble and swift while swimming.
You are very stealthy in the water. (Stealth+)
You are surrounded by a mild repulsion field. (EV +2)
You are partially covered in icy blue scales. (AC +2)


Message History

Something hits your quokka.
Your quokka dies!
Your quokka's corpse disappears in a puff of smoke!
It was a potion of mutation.
You feel extremely strange.
You begin to radiate repulsive energy.
Icy blue scales grow over part of your body.
As you read the scroll labeled LUBOLO TURIOMM, it crumbles to dust.
You feel blessed for a moment.
It was a scroll of remove curse.
Something barely misses you.
Really walk into a travel-excluded area?
There is a radiant altar of Vehumet here.
You kneel at the altar of Vehumet.
Vehumet welcomes you! Something hits you but does no damage.
Okay, then.
Okay, then.
You miss something. Something barely misses you.
You are engulfed in blazing flames.
Ouch! That really hurt!
You die...

#.#
#.##.####.###
#.# #.# .. #.#
#.# #.# #.# #.#
#.# #.# .# #.#
#.# .# #:# #.#
. #.#####
..#.§...#
#####.#@§§§.###
....w#.._..).#
#..#§§.....# #
#.....w§.#.#
#.#.#...#..# #
##..<....#.##
........##.#
.......>...#
......######


You could see a worm.

Vanquished Creatures
  3 giant cockroaches
  2 goblins
  4 jackals (D:1)
  A ball python (D:1)
  5 bats
  A frilled lizard (D:1)
  2 kobolds
  2 rats
20 creatures vanquished.

Vanquished Creatures (collateral kills)
  3 adders
  An ooze (D:1)
  3 worms
  3 dart slugs
  A leopard gecko (D:2)
  9 bats
  2 giant cockroaches
  9 goblins
  7 hobgoblins
  A kobold (D:3)
  A quokka (D:2)
  2 ball pythons (D:1)
  4 frilled lizards
  4 rats
50 creatures vanquished.

Grand Total: 70 creatures vanquished

Notes
Turn   | Place    | Note
-------+----------+-------------------------------------------
     0 | D:1      | juspike the Merfolk Summoner began the quest for the Orb.
     0 | D:1      | Reached XP level 1. HP: 13/13 MP: 3/3
   643 | D:1      | Reached XP level 2. HP: 14/19 MP: 1/5
   648 | D:1      | Learned a level 2 spell: Call Imp
  1547 | D:1      | Reached XP level 3. HP: 4/24 MP: 0/6
  1851 | D:1      | Learned a level 3 spell: Call Canine Familiar
  2436 | D:2      | Found a white marble altar of Elyvilon.
  2461 | D:2      | Found a glowing silver altar of Zin.
  2678 | D:2      | Reached XP level 4. HP: 22/30 MP: 0/8
  3556 | D:3      | Learned a level 3 spell: Summon Guardian Golem
  3649 | D:3      | Noticed a sky beast
  3665 | D:3      | HP: 1/30 [something (6)]
  3668 | D:3      | Found a radiant altar of Vehumet.
  3717 | D:3      | Gained mutation: You are surrounded by a mild repulsion field. (EV +2) [potion of mutation]
  3717 | D:3      | Gained mutation: You are partially covered in icy blue scales. (AC +2) [potion of mutation]
  3725 | D:3      | Became a worshipper of Vehumet
  3728 | D:3      | Engulfed by a cloud of flame

Skill      XL: |  1  2  3  4 |
---------------+-------------+-----
Dodging        | 3 |  3.1
Spellcasting   | 3 |  3.0
Short Blades   | |  0.5
Stealth        | |  2.3
Summonings     | |  4.7

Action                   |  1- 3 |  4- 6 || total
-------------------------+-------+-------++-------
Melee: Dagger            |    67 |     7 ||    74
       Unarmed           |     5 |       ||     5
Throw: Tomahawk          |       |     5 ||     5
 Cast: Summon Small Mamm |    27 |     8 ||    35
       Call Imp          |    36 |    25 ||    61
       Call Canine Famil |     4 |     3 ||     7
  Use: Scroll            |     2 |     1 ||     3
       Potion            |     1 |     2 ||     3
 Stab: Sleeping          |     1 |       ||     1
       Distracted        |       |     1 ||     1
  Eat: Chunk             |     7 |     3 ||    10
       Royal jelly       |     1 |       ||     1
       Bread ration      |       |     1 ||     1
Armor: Robe              |    14 |     5 ||    19
       Skin              |     6 |       ||     6
Dodge: Dodged            |    75 |    11 ||    86
